Cogmind - Beta 15 @@@ ROGUE MODE // 2025.10.06 @ 12:06:30 Player: AussieBBQ Result: Destroyed by VU-M68(R) with Subdweller Laser Performance ------------- Evolutions (0) 0 Regions Visited (2) 400 Robots Destroyed (21) 105 Value Destroyed (524) 524 Prototype IDs (0) 0 Alien Tech Used (0) 0 Bonus (0) 0 TOTAL SCORE: 1029 Bonus ------- None Cogmind --------- Core Integrity 0/250 Matter 260/300 Energy 226/250 System Corruption 0% Temperature Cool (6) Movement Rolling (95) Ox1 Location -10/Subcaves Parts ------- > --- POWER (1) -------- Ion Engine > --- PROPULSION (2) --- Light Treads Wheel > --- UTILITY (2) ------ Heat Sink Small Storage Unit > --- WEAPON (2) ------- Particle Cannon Particle Cannon > --- INVENTORY (8) ---- Heat Sink High-capacity Matter Pod (104) Structural Scanner Sensor Array Particle Gun Mining Claw Peak State ------------ > --- POWER ------------ Light Ion Engine > --- PROPULSION ------- Light Treads Wheel > --- UTILITY ---------- Small Storage Unit Terrain Scan Processor > --- WEAPON ----------- Particle Cannon Particle Cannon > --- INVENTORY -------- Ion Engine Light Treads Aluminum Leg Aluminum Leg Wheel Assault Rifle [Rating: 10] Favorites ----------- Power Ion Engine Engine Ion Engine Propulsion Light Treads Treads Light Treads Wheel Wheel Utility Small Storage Unit Device Heat Sink Storage Small Storage Unit Processor Terrain Scan Processor Weapon Particle Cannon Energy Gun Particle Gun Energy Cannon Particle Cannon Ballistic Gun Assault Rifle Slashing Weapon Mining Claw Build | -11 -10 -10 ------- Run | Yrd Mat Sub Slots Evolved . | . . . Power . | . . . Propulsion . | . . . Utility . | . . . Weapon . | . . . Parts Attached 18 | 8 10 . Power 3 | 1 2 . Engine 3 | 1 2 . Core . | . . . Reactor . | . . . Propulsion 4 | 4 . . Treads 2 | 2 . . Leg . | . . . Wheel 2 | 2 . . Hover . | . . . Flight . | . . . Utility 5 | 1 4 . Device 3 | . 3 . Storage 1 | 1 . . Processor 1 | . 1 . Hackware . | . . . Protection . | . . . Artifact . | . . . Weapon 6 | 2 4 . Energy Gun 1 | . 1 . Energy Cannon 2 | . 2 . Ballistic Gun 2 | 2 . . Ballistic Cannon . | . . . Launcher . | . . . Special Weapon . | . . . Impact Weapon . | . . . Slashing Weapon 1 | . 1 . Piercing Weapon . | . . . Special Melee Weapon . | . . . Unidentified Prototypes . | . . . Parts Lost 4 | . 4 . Power 2 | . 2 . Propulsion 2 | . 2 . Utility . | . . . Weapon . | . . . Highest Loss Streak 2 | . 2 . To Critical Strikes 1 | . 1 . Average Backups 6 | 3 7 6 Power . | . . . Propulsion 1 | 2 1 . Utility 1 | . 1 4 Weapon 2 | . 2 2 Tool/Special . | . . . Unused Backups 9 | . 6 3 Power . | . . . Propulsion 2 | . 2 . Utility 4 | . 1 3 Weapon 3 | . 3 . Tool/Special . | . . . Average Slot Usage (%) 96 | . 96 100 Engine 13 | . 13 14 Treads 16 | . 16 14 Wheel 10 | . 10 14 Device 12 | . 12 14 Storage 13 | . 13 14 Energy Gun 5 | . 4 7 Energy Cannon 13 | . 13 14 Ballistic Gun 7 | . 8 . Slashing Weapon 1 | . . 5 Peak Build Rating 10 | 6 10 9 Average Rating 8 | 4 8 8 On Entrance 5 | . 6 9 Naked Turns 7 | . 7 . Heaviest Build 18 | 11 18 18 Greatest Support 40 | 40 40 10 Greatest Overweight (x) 2 | 1 2 1 Average Overweight (x) . | . . 1 Largest Inventory Capacity 8 | 8 8 8 Average Capacity 7 | 6 7 8 Most Carried 8 | 6 8 6 Average Carried 6 | 3 7 6 Final Capacity 8 | 8 8 8 Final Carried 6 | 6 6 6 Class Distribution -------------------- 100% | Mutant Dominant Class ---------------- Mutant | -10/Materials Mutant | -10/Subcaves Resources | -11 -10 -10 ----------- Run | Yrd Mat Sub Matter Collected 832 | 166 666 . Remotely . | . . . Salvage Created 554 | . 554 . Parts 45 | . 45 . Haulers Intercepted . | . . . Recyclers Shooed 1 | . 1 . Parts Field Recycled . | . . . Retrieved Matter . | . . . Parts Self-Destructed 8 | . . 8 Prevented . | . . . Kills | -11 -10 -10 ------- Run | Yrd Mat Sub Combat Hostiles Destroyed 19 | . 19 . Melee 1 | . 1 . Guns 8 | . 8 . Cannons 10 | . 10 . Classes Destroyed 4 | . 4 . Worker 1 | . 1 . Operator 1 | . 1 . Swarmer 8 | . 8 . Grunt 11 | . 11 . Best Kill Streak 4 | . 4 . Combat Bots Only 3 | . 3 . Max Kills in Single Turn 2 | . 2 . Gunslinging . | . . . Exploded . | . . . Melee 1 | . 1 . Uniques/NPCs Destroyed . | . . . Combat | -11 -10 -10 -------- Run | Yrd Mat Sub Hostile Shots Fired 124 | . 118 6 Missed 28 | . 26 2 Hits 96 | . 92 4 Projectile 96 | . 92 4 Critical Strikes 2 | . 2 . Damage Taken 981 | . 898 83 Core 253 | . 210 43 Absorbed by Shields . | . . . Core Remaining (%) 100 | 100 . . Volleys Fired 62 | . 61 1 Largest 2 | . 2 2 Hottest 136 | . 136 136 Shots Fired 106 | . 104 2 Gun 63 | . 63 . Cannon 43 | . 41 2 Launcher . | . . . Special . | . . . Kinetic 41 | . 41 . Thermal 65 | . 63 2 Explosive . | . . . Electromagnetic . | . . . Robot Hit Streak 9 | . 9 8 Robot Miss Streak 6 | . 6 . Penetration Max . | . . . Secondary Targets . | . . . Shots Hit Robots 64 | . 62 2 Core Hits 28 | . 28 . Critical Kills . | . . . Critical Parts Destroyed . | . . . Critical Strikes . | . . . Melee Attacks 8 | . 6 2 Impact . | . . . Slashing 8 | . 6 2 Piercing . | . . . Sneak Attacks . | . . . Combat Hostiles . | . . . Follow-up Attacks . | . . . Damage Inflicted 1346 | . 1304 42 Guns 562 | . 562 . Cannons 575 | . 533 42 Explosions 150 | . 150 . Melee 50 | . 50 . Ramming 9 | . 9 . Kinetic 319 | . 319 . Thermal 968 | . 926 42 Explosive . | . . . Electromagnetic . | . . . Impact . | . . . Slashing 50 | . 50 . Piercing . | . . . Highest Corruption . | . . . Average Corruption . | . . . Corruption Purged . | . . . Corruption Blocked . | . . . Overload Shots . | . . . Overflow Damage 61 | . 61 . Projectiles 20 | . 20 . Explosions 41 | . 41 . Melee . | . . . Knockbacks . | . . . Impact . | . . . Kinetic . | . . . Secondary . | . . . Self-Inflicted Damage 4 | . 4 . Shots . | . . . Rammed 2 | . 2 . Targets Rammed 2 | . 2 . Kicked . | . . . Crushed . | . . . Highest Temperature 364 | . 364 1 Average Temperature 106 | . 107 1 Received Heat Transfer 237 | . 213 24 Effects 4 | . 4 . Interference 3 | . 3 . Matter Decay 1 | . 1 . Siege Activations . | . . . Martial Activations . | . . . Shielding Activations . | . . . Robots Disrupted . | . . . Combat Hostiles . | . . . Robots Corrupted . | . . . Combat Hostiles . | . . . Parts Fried . | . . . Impact Corruptions . | . . . Robots Melted . | . . . Combat Hostiles . | . . . Parts Melted 3 | . 3 . Heat Transferred 1728 | . 1654 74 Parts Sabotaged . | . . . Parts Stolen . | . . . Parts Stripped . | . . . Power Chain Reactions . | . . . Alert | -11 -10 -10 ------- Run | Yrd Mat Sub Maximum Alert Level 1 | . 1 . Low Security (%) 56 | 100 53 . Level 1 43 | . 46 . Level 2 . | . . . Level 3 . | . . . Level 4 . | . . . Level 5 . | . . . High Security . | . . . Max Security . | . . . Peak Influence 267 | . 267 . Initial . | . . . Average 142 | . 152 . Influence Increases 579 | . 579 . Destroy 0b10 Robot/C 380 | . 380 . Destroy 0b10 Robot/NC 10 | . 10 . Destroy Leader 80 | . 80 . Trap Triggered on 0b10 10 | . 10 . Disable Machine 60 | . 60 . Destroy Structure 39 | . 39 . Influence Decreases 517 | . 324 193 Entered New Map 123 | . . 123 Time Decay 354 | . 284 70 Lost Part 40 | . 40 . Squads Dispatched 5 | . 5 . Investigation 2 | . 2 . Extermination . | . . . Reinforcement 3 | . 3 . Assault . | . . . Garrison . | . . . Intercept . | . . . Searches Triggered . | . . . Construction Impeded . | . . . Haulers Reinforced . | . . . Active Scanning Responses . | . . . Cargo Convoy Interrupts . | . . . Stealth | -11 -10 -10 --------- Run | Yrd Mat Sub Distress Signals 1 | . 1 . Communications Jammed . | . . . Distress Signals . | . . . Times Spotted 31 | . 29 2 Peak Tracking Total 5 | . 5 2 Tactical Retreats . | . . . Traps | -11 -10 -10 ------- Run | Yrd Mat Sub Traps Triggered 1 | . 1 . Indirectly . | . . . Trap Hack Attempts . | . . . Triggered . | . . . Disarmed . | . . . Reprogrammed 5 | . 5 . Reused 1 | . 1 . Traps Extracted . | . . . Installed . | . . . Triggered 1 | . 1 . Machines | -11 -10 -10 ---------- Run | Yrd Mat Sub Machines Disabled 4 | . 4 . Max in Single Turn 2 | . 2 . Machines Repaired . | . . . Machines Dismantled . | . . . Machines Sabotaged . | . . . Overloaded Fab Kills . | . . . Hacking | -11 -10 -10 --------- Run | Yrd Mat Sub Machines Accessed 4 | . 4 . Terminals 3 | . 3 . Fabricators . | . . . Repair Stations . | . . . Recycling Units 1 | . 1 . Scanalyzers . | . . . Garrison Access . | . . . Total Hacks 8 | . 8 . Successful 5 | . 5 . Failed 3 | . 3 . Catastrophic . | . . . Database Lockouts . | . . . Manual . | . . . Terminals 5 | . 5 . Fabricators . | . . . Repair Stations . | . . . Recycling Units 3 | . 3 . Scanalyzers . | . . . Garrison Access . | . . . Terminal Hacks 5 | . 5 . Alert Level 1 | . 1 . Locate Traps 1 | . 1 . Reprogram Traps 1 | . 1 . Hauler Manifests 1 | . 1 . Zone Layout 1 | . 1 . Fabricator Hacks . | . . . Repair Station Hacks . | . . . Recycling Unit Hacks . | . . . Scanalyzer . | . . . Garrison Access Hacks . | . . . Unauthorized Hacks . | . . . Terminals . | . . . Fabricators . | . . . Repair Stations . | . . . Recycling Units . | . . . Scanalyzers . | . . . Garrison Access . | . . . Data Cores Recovered . | . . . Used . | . . . Hacking Detections 2 | . 2 . Full Trace Events 1 | . 1 . Feedback Events . | . . . Feedback Blocked . | . . . Robot Schematics Acquired . | . . . Robots Built . | . . . Authchips . | . . . Time . | . . . Total Robot Build Rating . | . . . Part Schematics Acquired . | . . . Parts Built . | . . . Authchips . | . . . Time . | . . . Total Part Build Rating . | . . . Parts Repaired . | . . . Time . | . . . Parts Recycled . | . . . Recycled Matter . | . . . Retrieved Matter . | . . . Retrieved Components . | . . . Parts Scanalyzed . | . . . Part Schematics Acquired . | . . . Parts Damaged . | . . . Bothacking | -11 -10 -10 ------------ Run | Yrd Mat Sub Used RIF Installer . | . . . Robots Hacked . | . . . Non-combat . | . . . Combat . | . . . Robot Hacks Applied . | . . . Relay Couplers Released . | . . . Fabnet Peak Effective % . | . . . Robots Rewired . | . . . Allies Hacked . | . . . Hacks Repelled . | . . . Allies | -11 -10 -10 -------- Run | Yrd Mat Sub Total Allies . | . . . Largest Group . | . . . Highest-Rated Group . | . . . Highest-Rated Ally . | . . . Total Orders . | . . . Ally Attacks . | . . . Total Damage . | . . . Kills . | . . . Allies Corrupted . | . . . Allies Melted . | . . . Intel | -11 -10 -10 ------- Run | Yrd Mat Sub Active Infowar (turns) 214 | . 214 . Structural 214 | . 214 . Robot Analysis Total . | . . . Derelict Logs Recovered 1 | . . 1 Drone Launches . | . . . Drone Recoveries . | . . . Exploration | -11 -10 -10 ------------- Run | Yrd Mat Sub Turns Passed 1082 | 62 874 146 Spaces Moved 789 | 40 608 141 Core 18 | 1 17 . Treads 77 | 14 63 . Legs . | . . . Wheels 694 | 25 528 141 Hover . | . . . Flight . | . . . Fastest Speed 50 | 50 50 95 Average Speed 99 | 108 100 95 Slowest Speed 160 | 160 160 95 Overloaded Moves . | . . . Propulsion Burnouts . | . . . Robots Hopped . | . . . Potential Cave-ins . | . . . Cave-ins Triggered . | . . . Exploration Rate (%) 33 | 5 78 17 Regions Visited 2 Branch Regions 1 Pre-discovered Areas . | . . . Known Exits Taken . | . . . Unknown Exits Taken 2 | 1 1 . Scrap Searched . | . . . Spaces Dug . | . . . Terrain Destroyed 41 | . 41 . Melee . | . . . Projectile . | . . . AOE 41 | . 41 . Terrain Rammed . | . . . Walls Destroyed . | . . . Machines Disabled . | . . . Actions | -11 -10 -10 --------- Run | Yrd Mat Sub Total 955 | 54 755 146 Wait 17 | . 17 . Move 787 | 39 607 141 Hop . | . . . Pick Up 18 | 6 12 . Fast Attach 17 | 6 11 . Attach 8 | . 8 . Detach 4 | . 4 . Swap 15 | 3 10 2 Drop 17 | . 17 . Fire 62 | . 61 1 Melee 8 | . 6 2 Ram 2 | . 2 . Kick . | . . . Crush . | . . . Escape Stasis . | . . . Rewire . | . . . Trap . | . . . Miscellaneous . | . . . Route ------- -11/Scrapyard -10/Materials (discovered 4 exits: [*Mat x2] / [*Min] / [*Sub]) -10/Subcaves History --------- Turn | Location | Event 19 | -11/Scrapyard | Discovered new exit (range 15) 63 | -11/Scrapyard | Entered Materials 317 | -10/Materials | Discovered new exit (range 13) 333 | -10/Materials | Build established: Mutant 626 | -10/Materials | Discovered new exit (range 11) 678 | -10/Materials | Core integrity fell below 50% 774 | -10/Materials | Discovered new exit (range 15) 888 | -10/Materials | Core integrity fell below 20% 927 | -10/Materials | Discovered new exit (range 12) 937 | -10/Materials | Entered Subcaves 940 | -10/Subcaves | Learned Materials stockpile data 998 | -10/Subcaves | A swath of the cavern ceiling suddenly collapsed 1083 | -10/Subcaves | Destroyed by VU-M68(R) with Subdweller Laser Last Messages --------------- 00893_ R-06 Scavenger collects Flight Unit. 00895_ Acquired 10 matter. 00897_ Acquired 14 matter. 00900_ Acquired 18 matter. 00921_ K-01 Serf collects debris. 00927_ EXIT=FOUND 00929_ K-01 Serf collects debris. 00932_ U-05 Engineer lays Concrete. 00932_ T-07 Excavator is excavating. 00933_ U-05 Engineer lays Concrete. 00935_ T-07 Excavator is excavating. 00936_ U-05 Engineer builds a Wall. LOCATION=UNKNOWN AMBIENT_HEAT=-10 GOAL=ESCAPE 00940_ Acquired derelict log, extracted data. Data stored: Materials stockpile data. 00998_ 12 Matter crushed. A swath of the cavern ceiling suddenly collapses. Map ----- +----------------------------------------------------+ | | | | | | | ?????????????????????????????????????????????????? | | ?????????????????????????????????????????????????? | | ?????????????????????????????????????????????????? | | ?????????????????????????????????????????????????? | | ?????????????????????????????????????????????????? | | ?????????????????????????????????????????????????? | | ?????????????????????????????????????????????????? | | ?????????????????????????????????????????????????? | | ?????????????????????????????????????????????????? | | ?????????????????????????????????????????????????? | | ?????????????????????????????????????????????????? | | ?????????????????????????????????????????????????? | | ????????????????????????????????????????########?? | | ????????????????????##?????????????????## ##? | | ????????????????????# ?????##??????????# #### #? | | ??????????????????### ????? #?####?????# ##??## #? | | ??????????????????# #???? ## #####?# #????# #? | | ??????????????????? #?? ## ### #????# #? | | ????????????????????# #? #?# # ##??## ## | | ?????????????????????# #? #?# #### """ | | ????????????????????## ## #?## """#" | | ?????????????# ???## #?## ## ##"####" | | ?????????????# # @ #???## #######"#""# | | ????????????# R######" ######"""#" | | ?????????????# ## ""#""""""" "###"#" # | | ?????????? ### ???# "##""""""" ##"##"""#" | | ??????????????????????# "#"""#"""" ##"#""#""#" | | ???????????? #?????# "##"""#### "#"###""#" | | ???????????? ??# "##""##??#### ##?#""## # | | ???????????????# ## " "" ####?## "##??#"""#" | | ???????????????# """ ### "#?#"#"##" | | ???????????????# #?##""""# | | ??????????? #### ##??##?#"" | | ??????????? ????# ## ## ##????####" | | ??????????? ? ????# ###### ##????## #"# | | ???????????? ????# #####???? #????# #"# | | ??????????? #??????## ##????????# #????##"#"# | | ?????????????????????## #????????? ##?###?# """ | | ??????????????????????## ##????????? # ## # | | ???????????????????????##???????????## | | ????????????????????????????????????# | | ??????????????????????????????????? ## # | | ???????????????????????????????????? ???#?# # | | ???????????????????????????????????? ? ????# ## | | ??????????????????????????????????????##???## ## | | ????????????????????????????????????????????# # | | ????????????????????????????????????????????# ### | +----------------------------------------------------+ Best States ------------- Heat Dissipation 35 Energy Generation 10 Energy Capacity 250 Matter Stores 300 Matter Capacity 300 Sight Range 16 Terrain Scan Density 85 Evasion (%) 50 Recoil Reduction 2 Item Schematics ----------------- None Robot Schematics ------------------ None Fabricated ------------ Nothing Repaired ---------- Nothing Alien Tech Used ----------------- None Achievements -------------- None Challenges ------------ None Game ------ Seed CompactAlertCore Manual? 0 Play Time 00:14:35 Cumulative 10.4 hours Start 2025.10.06 @ 11:50:33 End 2025.10.06 @ 12:06:30 Sessions 1 Manual Loads 0 Difficulty Rogue Special Mode None Game No. 26 Rogue 26 Adventurer 0 Explorer 0 Win Type - Total 0 Types 0/0/0/0/0/0/0/0/0/0 Lore% 16 Gallery% 20 Achievement% 19 Wizard Run 0 Options --------- Layout 1 ASCII 0 Keyboard 0 Movement Numpad Keybinds 0 Fullscreen 2 Font 24/Smallcaps Map View 50x35 Zoom Use 0% Tactical HUD 1 Map Filters NONE Filters NONE Steam 1 RUN: ad5b21fb-80d2-4bd7-8a87-737af26970d2